Map: Romanticide LE

Players

BlysK - Winner!

  • Race: Protoss Protoss
  • League: Master
  • Spawn Location: 11:00

Demi

  • Race: Zerg Zerg
  • League: Master
  • Spawn Location: 5:00

Event: DreamHack SC2 Masters 2020 Winter

VOD

Have the link to the VOD?

Description

Time

  • Played on: Oct. 18, 2020, 1:37 a.m.
  • Length: 19:46

All games in this series

Show
View Real Time Build Order
Export as new Build Order

BlysK Protoss - Winner!

Build Orders: 1 Gate Expand, Oracle Opening, Carriers 

Get SALT Encoding   

  12  0:00  Probe  
  13  0:12  Probe  
  14  0:20  Pylon  
  14  0:24  Probe  
  15  0:38  Probe (Chrono Boost)  
  15  0:41  Gateway  
  16  0:44  Assimilator  
  16  0:48  Probe (Chrono Boost)  
  17  0:53  Probe (Chrono Boost)  
  19  1:04  Probe  
  19  1:16  Probe  
  20  1:24  Nexus  
  20  1:33  Cybernetics Core  
  20  1:36  Probe  
  21  1:42  Assimilator  
  21  1:48  Probe  
  21  1:51  Pylon  
  22  2:00  Probe  
  23  2:06  Adept (Chrono Boost)  
  23  2:12  Probe  
  26  2:17  Stargate  
  26  2:24  Probe  
  26  2:27  Warp Gate  
  26  2:29  Adept (Chrono Boost)  
  27  2:36  Probe (Chrono Boost)  
  31  2:41  Probe (Chrono Boost)  
  31  2:47  Probe (Chrono Boost)  
  31  2:50  Probe (Chrono Boost)  
  33  2:51  Stalker, Probe (Chrono Boost)  
  36  3:00  Probe  
  36  3:02  Probe  
  38  3:07  Oracle (Chrono Boost)  
  39  3:13  Probe  
  39  3:14  Probe  
  39  3:19  Gateway  
  41  3:23  Pylon  
  41  3:25  Probe  
  41  3:26  Probe  
  43  3:36  Gateway  
  43  3:37  Oracle (Chrono Boost)  
  47  3:41  Probe x2  
  48  3:53  Probe x2  
  50  3:59  Pylon  
  50  4:05  Pylon, Probe x2  
  52  4:15  Nexus  
  52  4:17  Probe x2, Oracle  
  57  4:27  Assimilator  
  57  4:28  Adept x2  
  57  4:29  Probe  
  57  4:30  Probe  
  63  4:33  Assimilator  
  63  4:34  Twilight Council  
  63  4:41  Probe  
  63  4:42  Probe  
  65  4:54  Probe x2  
  65  4:55  Forge  
  65  4:58  Gateway  
  65  4:59  Gateway  
  67  5:01  Pylon  
  67  5:05  Robotics Facility  
  67  5:06  Probe  
  67  5:07  Probe  
  69  5:08  Pylon  
  69  5:09  Protoss Ground Weapons Level 1 (Chrono Boost), Blink (Chrono Boost)  
  69  5:11  Shield Battery  
  69  5:18  Probe  
  69  5:20  Probe  
  71  5:31  Probe x2  
  71  5:35  Probe  
  74  5:37  Assimilator  
  74  5:40  Pylon  
  74  5:43  Stalker x2, Probe x2  
  74  5:46  Sentry  
  74  5:47  Probe  
  83  5:54  Assimilator  
  83  5:55  Probe x2  
  85  5:57  Robotics Bay  
  85  5:59  Probe  
  86  6:05  Immortal (Chrono Boost)  
  86  6:07  Probe  
  86  6:08  Gateway, Probe  
  93  6:11  Probe  
  93  6:12  Gateway  
  93  6:14  Zealot  
  93  6:16  Adept  
  97  6:25  Probe  
  98  6:29  Probe  
  98  6:31  Stalker  
  98  6:32  Stalker  
  101  6:33  Probe  
  101  6:34  Pylon  
  101  6:35  Pylon  
  101  6:37  Warp Prism (Chrono Boost)  
  95  6:44  Probe  
  98  6:47  Photon Cannon  
  98  6:51  Sentry x2  
  98  6:52  Stalker, Pylon  
  98  6:53  Charge (Chrono Boost)  
  104  6:58  Stalker x2  
  108  7:03  Pylon  
  108  7:08  Pylon  
  108  7:10  Photon Cannon  
  109  7:17  Protoss Ground Weapons Level 2 (Chrono Boost)  
  109  7:21  Stalker x5  
  116  7:27  Stalker x2  
  116  7:28  Probe  
  121  7:30  Shield Battery  
  121  7:37  Colossus  
  124  7:48  Pylon  
  124  7:50  Photon Cannon  
  124  7:52  Photon Cannon, Shield Battery  
  124  7:54  Stalker  
  124  7:55  Stalker  
  124  7:56  Photon Cannon  
  128  8:00  Dark Shrine  
  125  8:15  Stalker x4  
  125  8:16  Stalker  
  125  8:18  Extended Thermal Lance  
  135  8:29  Colossus (Chrono Boost)  
  141  8:44  Stalker, Nexus  
  141  8:46  Pylon  
  143  8:53  Pylon  
  143  8:54  Pylon  
  143  8:55  Pylon  
  143  9:00  Oracle  
  146  9:07  Disruptor (Chrono Boost)  
  146  9:09  Stalker x3, Sentry  
  157  9:10  Stalker  
  157  9:12  Stalker  
  157  9:14  Photon Cannon  
  157  9:15  Shield Battery  
  159  9:39  Dark Templar x2, Disruptor (Chrono Boost)  
  159  9:42  Zealot x5  
  176  9:50  Protoss Ground Weapons Level 3 (Chrono Boost)  
  176  9:54  Gateway  
  176  9:56  Gateway  
  176  9:58  Probe x2  
  176  9:59  Probe  
  177  10:01  Gateway  
  171  10:15  Dark Templar x3  
  175  10:26  Probe x2  
  171  10:37  Nexus  
  171  10:42  Warp Prism (Chrono Boost), Zealot x4  
  175  10:48  Robotics Facility  
  181  10:50  Stargate  
  181  10:53  Zealot x3  
  181  10:54  Fleet Beacon  
  187  10:57  Assimilator  
  187  10:59  Gravitic Boosters  
  187  11:09  Observer (Chrono Boost)  
  186  11:27  Colossus (Chrono Boost)  
  178  11:41  Disruptor (Chrono Boost)  
  179  11:59  Mothership (Chrono Boost)  
  181  12:11  Observer  
  173  12:19  Probe  
  170  12:25  Dark Templar x2, Zealot  
  170  12:26  Zealot x7  
  190  12:33  Nexus  
  190  12:34  Photon Cannon  
  190  12:37  Photon Cannon, Pylon  
  190  12:38  Pylon, Immortal (Chrono Boost)  
  190  12:39  Photon Cannon  
  190  12:41  Shield Battery  
  198  12:45  Assimilator  
  198  12:48  Immortal (Chrono Boost)  
  198  12:54  Protoss Ground Armor Level 1 (Chrono Boost)  
  182  13:10  Observer (Chrono Boost)  
  155  13:17  Immortal (Chrono Boost)  
  155  13:19  Dark Templar x2  
  160  13:20  Zealot x8  
  160  13:26  Immortal (Chrono Boost)  
  181  13:27  Probe  
  181  13:28  Photon Cannon  
  181  13:30  Shield Battery  
  184  13:48  Disruptor (Chrono Boost)  
  184  13:50  Dark Templar x4  
  184  13:52  Zealot x4  
  184  13:55  Archon x2  
  200  13:58  Templar Archives  
  190  14:31  Disruptor x2 (Chrono Boost)  
  186  14:47  Assimilator  
  186  14:49  Assimilator  
  186  14:53  Pylon  
  186  14:56  Photon Cannon  
  183  15:00  Photon Cannon, Disruptor  
  183  15:03  Pylon  
  186  15:08  Zealot x2  
  186  15:09  Zealot x3  
  186  15:10  Nexus  
  186  15:12  Pylon, Protoss Shields Level 1 (Chrono Boost)  
  196  15:22  Protoss Air Weapons Level 1 (Chrono Boost)  
  181  15:36  Colossus  
  161  16:04  Disruptor  
  161  16:08  Carrier (Chrono Boost)  
  176  16:15  Carrier (Chrono Boost)  
  176  16:16  Zealot x10  
  188  16:30  Disruptor  
  183  16:35  Probe x2  
  177  17:03  Carrier (Chrono Boost)  
  176  17:10  Zealot x5  
  176  17:11  Stalker x2  
  176  17:14  Oracle (Chrono Boost)  
  147  17:21  Protoss Air Armor Level 1 (Chrono Boost)  
  142  17:23  Zealot x3  
  107  17:40  Carrier (Chrono Boost)  
  107  17:41  Observer (Chrono Boost)  
  107  17:42  Observer (Chrono Boost)  
  107  17:44  Dark Templar x2  
  107  17:45  Dark Templar, Zealot x3  
  107  17:46  Carrier (Chrono Boost)  
  121  17:52  Stargate  
  121  17:54  Stargate  
  127  17:59  Psionic Storm  
  127  18:03  Colossus (Chrono Boost)  
  127  18:04  Colossus (Chrono Boost)  
  139  18:11  High Templar x2  
  139  18:12  Zealot x5  
  147  18:33  Photon Cannon  
  147  18:37  Carrier (Chrono Boost)  
  159  18:43  Unknown  
  159  18:47  Photon Cannon  
  159  18:49  Photon Cannon x2, Carrier (Chrono Boost)  
  159  18:50  Assimilator, Probe (Chrono Boost)  
  159  18:51  Pylon, Probe (Chrono Boost)  
  159  18:52  Shield Battery, Probe x2 (Chrono Boost)  
  159  18:54  Pylon  
  159  18:55  Probe (Chrono Boost)  
  172  19:08  Zealot x4  
  172  19:09  Zealot x4  
  178  19:20  Archon  
Show
View Real Time Build Order
Export as new Build Order

Demi Zerg 

Build Orders: Hatch First, Lurkers, Roach Hydra 

Get SALT Encoding   

  12  0:00  Drone  
  13  0:12  Overlord  
  13  0:16  Drone  
  14  0:31  Drone x2  
  16  0:48  Hatchery  
  15  0:52  Drone  
  15  0:55  Drone  
  17  0:58  Drone  
  18  1:08  Extractor  
  17  1:13  Spawning Pool  
  17  1:16  Drone  
  17  1:20  Drone  
  18  1:28  Drone  
  19  1:40  Drone  
  20  1:50  Overlord  
  20  2:00  Queen x2  
  25  2:01  Zergling x4  
  26  2:10  Metabolic Boost  
  26  2:14  Drone x2  
  28  2:22  Drone x2  
  30  2:37  Hatchery  
  29  2:39  Drone  
  29  2:42  Drone  
  31  2:45  Drone  
  31  2:48  Overlord  
  32  3:00  Drone  
  32  3:01  Queen  
  35  3:08  Spore Crawler  
  35  3:09  Drone x3  
  37  3:15  Drone x2  
  37  3:16  Drone  
  37  3:19  Overlord  
  39  3:28  Drone x2  
  39  3:30  Spore Crawler  
  39  3:32  Spore Crawler  
  39  3:36  Queen  
  39  3:39  Drone x2  
  43  3:45  Drone  
  44  3:50  Spore Crawler, Queen  
  44  3:51  Drone  
  44  3:52  Drone  
  44  3:54  Overlord  
  47  3:58  Drone x2  
  49  4:04  Overlord  
  49  4:14  Zergling x8  
  53  4:18  Spore Crawler  
  53  4:23  Drone x8  
  60  4:31  Roach Warren  
  59  4:34  Lair  
  59  4:40  Drone x2  
  59  4:44  Overlord  
  59  4:45  Overlord  
  61  4:47  Extractor  
  61  4:48  Drone x2  
  61  4:49  Extractor  
  61  4:51  Drone  
  62  4:54  Drone x4  
  62  4:59  Overlord x2  
  66  5:12  Drone  
  66  5:13  Drone x7  
  74  5:19  Evolution Chamber, Extractor, Overlord  
  72  5:21  Zergling x2  
  72  5:22  Zergling x2  
  72  5:27  Drone x3  
  73  5:35  Spire, Overseer  
  73  5:40  Drone x7  
  73  5:41  Drone x2  
  73  5:42  Extractor  
  80  5:43  Extractor  
  80  5:48  Drone x2  
  81  5:52  Glial Reconstitution  
  81  6:03  Drone x6  
  87  6:08  Hatchery  
  87  6:10  Drone, Zerg Missile Weapons Level 1  
  87  6:11  Overlord  
  87  6:23  Zergling x18  
  92  6:36  Queen  
  91  6:44  Drone x9  
  100  6:52  Zerg Flyer Weapons Level 1, Overlord x2  
  100  6:53  Overlord  
  100  7:02  Extractor  
  99  7:15  Mutalisk x5  
  101  7:16  Mutalisk  
  101  7:20  Roach x4  
  101  7:21  Overlord  
  101  7:22  Overlord  
  119  7:31  Roach x4  
  119  7:32  Overlord  
  119  7:33  Overlord x3  
  126  7:43  Hydralisk Den, Overlord x3  
  125  7:44  Queen  
  125  7:45  Drone  
  125  7:46  Drone x4, Extractor  
  131  7:53  Overlord  
  131  8:03  Roach x7  
  145  8:11  Infestation Pit  
  144  8:17  Roach x8  
  144  8:18  Roach x2  
  144  8:19  Lurker Den, Overlord  
  163  8:24  Grooved Spines  
  164  8:34  Drone x2  
  164  8:35  Drone  
  164  8:36  Drone x2  
  164  8:39  Spore Crawler x2  
  166  8:45  Hydralisk  
  166  8:46  Hydralisk x6  
  180  8:49  Hive  
  180  8:54  Zerg Missile Weapons Level 2  
  180  8:55  Evolution Chamber  
  179  9:06  Drone x2  
  179  9:07  Drone  
  182  9:10  Spore Crawler  
  182  9:11  Spore Crawler  
  179  9:20  Lurker x5  
  179  9:22  Hydralisk x5  
  194  9:33  Zerg Ground Armor Level 1  
  194  9:36  Muscular Augments  
  190  9:39  Lurker x2  
  192  9:57  Hatchery  
  192  9:59  Spine Crawler  
  190  10:00  Spine Crawler  
  190  10:01  Spine Crawler  
  190  10:02  Spine Crawler x2  
  190  10:03  Hydralisk x7  
  193  10:16  Lurker x3  
  165  10:31  Hydralisk  
  165  10:32  Hydralisk x7  
  165  10:34  Ravager  
  150  10:36  Seismic Spines  
  150  10:41  Queen  
  145  10:43  Drone x10  
  145  10:44  Drone  
  145  10:45  Drone x3  
  159  10:50  Viper x2  
  165  10:57  Drone x3  
  165  10:58  Drone x2  
  165  11:03  Lurker x3  
  173  11:10  Drone x2, Spine Crawler  
  174  11:11  Spine Crawler  
  174  11:12  Spine Crawler  
  172  11:25  Overseer  
  169  11:31  Hydralisk x11  
  175  11:33  Adaptive Talons  
  175  11:35  Lurker  
  176  11:55  Hydralisk x9  
  176  11:59  Zergling x14  
  175  12:06  Hydralisk x3  
  175  12:07  Zergling x2  
  175  12:22  Lurker x3  
  178  12:30  Lurker  
  178  12:31  Lurker  
  178  12:34  Drone x7, Hatchery  
  178  12:36  Extractor  
  185  12:48  Spore Crawler  
  184  12:53  Pneumatized Carapace, Hatchery  
  182  13:00  Hydralisk x3  
  182  13:01  Hydralisk x2  
  172  13:14  Viper x2  
  178  13:26  Zerg Missile Weapons Level 3  
  178  13:33  Lurker  
  179  13:36  Drone  
  179  13:37  Drone x4  
  179  13:38  Drone x6, Spore Crawler, Unknown  
  179  13:39  Spore Crawler  
  187  13:41  Overseer  
  187  13:46  Viper  
  187  13:47  Spore Crawler  
  189  13:49  Overseer  
  189  14:02  Lurker x2  
  191  14:07  Queen  
  191  14:09  Spore Crawler  
  192  14:10  Spore Crawler  
  190  14:21  Overseer  
  190  14:23  Hydralisk x6  
  190  14:42  Spore Crawler  
  190  14:43  Spore Crawler x4  
  190  14:44  Spore Crawler  
  190  14:45  Spore Crawler  
  183  14:46  Hydralisk x6  
  183  14:47  Hydralisk x2  
  183  14:52  Drone  
  199  15:19  Drone  
  200  15:23  Spine Crawler  
  200  15:26  Evolution Chamber, Spine Crawler  
  185  15:47  Hydralisk x8  
  197  16:09  Overseer x4  
  191  16:11  Hydralisk x4  
  191  16:12  Hydralisk  
  191  16:35  Viper x2  
  196  16:51  Hatchery  
  150  17:12  Hydralisk x9  
  95  17:40  Drone x9  
  102  18:08  Drone x5  
  102  18:10  Overseer x5  
  99  18:26  Hydralisk  
  101  18:31  Drone  
  101  18:32  Drone x2  
  104  18:43  Hydralisk  
  104  18:44  Hydralisk  
  108  18:56  Hydralisk x2  
  112  19:13  Hydralisk x2  
  112  19:14  Hydralisk x2  
Tags
 
Add a new tag
Caveats
  • Supply blocks, unpowered buildings, or Contaminate may cause inaccurate times.
  • Supply counts are checked every 10 seconds.